 Dungeon Crawl Stone Soup version 0.29-a0-393-g47a863cc1b (webtiles) character file.

Game seed: 1635987576101074191

18426 garrulousMonolith the Martial Artist (level 12, -4/110 HPs)
             Began as a Gnoll Transmuter on May 9, 2022.
             Was an Elder of Fedhas.
             Slain by a fire elemental (18 damage)
             ... summoned by a deep elf pyromancer
             ... in a volcano.
             The game lasted 00:20:42 (15395 turns).

garrulousMonolith the Martial Artist (GnTm)        Turns: 15395, Time: 00:20:43

Health: -4/110     AC: 13    Str: 11    XL:     12   Next: 58%
Magic:  12/25      EV: 13    Int: 21    God:    Fedhas [****..]
Gold:   503        SH:  5    Dex: 14    Spells: 13/29 levels left

rFire   x . .      SeeInvis .     - Unarmed
rCold   + + +      Faith    .   (shield currently unavailable)
rNeg    . . .      Spirit   .   (body armour currently unavailable)
rPois   +          Reflect  +   (helmet currently unavailable)
rElec   .          Harm     .   (cloak currently unavailable)
rCorr   .          Rampage  .   (gloves currently unavailable)
Will    .....                   (boots currently unavailable)
Stlth   ++........              u - amulet of reflection
HPRegen 0.28/turn               B - +4 ring of protection
MPRegen 0.19/turn               k - +6 ring of intelligence

@: on fire, ice-form, glowing
A: freezing attack, amphibious, boosted hp, large, (fangs 1), strong nose,
distributed training
a: End Transformation, Renounce Religion, Wall of Briars, Grow Ballistomycete,
Overgrow


You were in a volcano.
You worshipped Fedhas.
Fedhas was greatly pleased with you.
You were a creature of crystalline ice.
You visited 3 branches of the dungeon, and saw 14 of its levels.
You also visited: Volcano.

You collected 503 gold pieces.

Inventory:

Hand Weapons
 a - the +3 war axe of Dishonesty {elec, rElec Str+5}
   (You found it on level 7 of the Dungeon)

   It occasionally discharges a powerful burst of electricity upon striking a
   foe.
   Str:       It affects your strength (+5).
   rElec:     It insulates you from electricity.
 b - the +9 hunting sling "Yfoi" {freeze, Fly rC+ Str+4}
   (You found it on level 11 of the Dungeon)

   Any ammunition fired from it freezes those it strikes, dealing additional
   cold damage.
   It can also slow down cold-blooded creatures.
   Str:       It affects your strength (+4).
   rC:        It protects you from cold.
   Fly:       It grants you flight.
Missiles
 o - 7 throwing nets
 p - 17 poisoned darts (quivered)
 s - 3 silver boomerangs
 H - a curare-tipped dart
Armour
 j - a +1 leather armour
 n - +0 acid dragon scales
 w - a +0 pair of gloves (melded)
 G - a +2 helmet (melded)
 N - the +2 leather armour "Ehesieri" (melded) {rPois rN+}
   (You found it on level 11 of the Dungeon)

   rPois:     It protects you from poison.
   rN:        It protects you from negative energy.
Magical Staves
 P - a staff of fire (melded)
Jewellery
 e - a ring of see invisible
 k - a +6 ring of intelligence (right front paw)
 u - an amulet of reflection (around neck)
 v - a ring of ice
 y - an amulet of regeneration
 B - a +4 ring of protection (left front paw)
 L - a ring of magical power
Wands
 m - a wand of iceblast (15)
 K - a wand of digging (6)
 M - a wand of charming (14)
 Q - a wand of flame (33)
Scrolls
 d - 3 scrolls of magic mapping
 h - 2 scrolls of enchant armour
 q - a scroll of blinking
 t - 5 scrolls of teleportation
 x - 3 scrolls of identify
 D - a scroll of amnesia
 F - 2 scrolls of vulnerability
Potions
 c - 3 potions of might
 f - 2 potions of mutation
 g - 4 potions of flight
 i - 3 potions of heal wounds
 r - a potion of invisibility
 z - 3 potions of haste
 A - 4 potions of curing
 I - a potion of berserk rage
 J - 3 potions of attraction
 O - 3 potions of brilliance
 R - 2 potions of lignification


   Skills:
 + Level 7.9 Fighting
 + Level 7.4 Short Blades
 + Level 7.4 Long Blades
 + Level 7.4 Axes
 + Level 7.4 Maces & Flails
 + Level 7.4 Polearms
 + Level 7.4 Staves
 + Level 7.4 Slings
 + Level 7.4 Bows
 + Level 7.4 Crossbows
 + Level 7.4 Throwing
 + Level 7.4 Armour
 + Level 8.8 Dodging
 + Level 7.4 Stealth
 + Level 7.4 Shields
 + Level 9.9 Unarmed Combat
 + Level 9.0 Spellcasting
 + Level 6.1 Conjurations
 + Level 6.1 Hexes
 + Level 6.1 Summonings
 + Level 6.1 Necromancy
 + Level 6.1 Translocations
 + Level 7.3 Transmutations
 + Level 6.1 Fire Magic
 + Level 6.1 Ice Magic
 + Level 6.1 Air Magic
 + Level 6.1 Earth Magic
 + Level 6.1 Poison Magic
 + Level 8.1 Invocations
 + Level 7.4 Evocations


You had 13 spell levels left.
You knew the following spells:

 Your Spells              Type           Power      Damage    Failure   Level
a - Beastly Appendage     Tmut           80%        N/A       1%          1
b - Wereblood             Tmut           40%        N/A       1%          2
c - Spider Form           Tmut/Pois      37%        N/A       1%          3
d - Ice Form              Ice/Tmut       37%        N/A       4%          4
e - Magic Dart            Conj           100%       1d8       1%          1
f - Call Imp              Summ           35%        N/A       1%          2
g - Mephitic Cloud        Conj/Pois/Air  35%        N/A       1%          3

Your spell library contained the following spells:

 Spells                   Type           Power      Damage    Failure   Level
 Foxfire                  Conj/Fire      100%       2x1d9     1%          1
 Static Discharge         Conj/Air       35%        N/A       1%          2
 Confusing Touch          Hex            35%        N/A       1%          3
 Conjure Flame            Conj/Fire      35%        6-21      1%          3
 Inner Flame              Hex/Fire       35%        N/A       1%          3
 Dispel Undead            Necr           35%        3d15      6%          4
 Flame Wave               Conj/Fire      35%        2d8       6%          4
 Sticky Flame             Conj/Fire      35%        2d5       6%          4
 Yara's Violent Unravell  Hex/Tmut       18%        3d9       12%         5
 Enfeeble                 Hex            17%        N/A       99%         7


Dungeon Overview and Level Annotations

Branches:
Dungeon (12/15)            Temple (1/1) D:4            Lair (1/6) D:8
Volcano (1/1)
    Orc: D:9-12

Altars:
Ashenzari
Cheibriados
Dithmenos
Elyvilon
Fedhas
Gozag
Hepliaklqana
Kikubaaqudgha
Makhleb
Nemelex Xobeh
Okawaru
Qazlal
Ru
Sif Muna
Trog
Uskayaw
Vehumet
Wu Jian
Xom
Yredelemnul
Zin
The Shining One

Annotations:
D:9 1 runed translucent door


Innate Abilities, Weirdness & Mutations

You are a creature of crystalline ice.
You have a powerful freezing melee attack.
You are amphibious.
Your maximum health is increased.
Your armour is entirely melded.
You are incapable of wielding weapons or throwing items.
((You have very sharp teeth.))
Your uncanny sense of smell can sniff out nearby items.
Your experience applies equally to all skills.


Message History

The hell hound closely misses you.
The hell hound bites itself.
The fire elemental closely misses you. The fire elemental hits you.
The fire elemental burns you! The fire burns you terribly!
Aiming: Iceblast
Press: ? - help, Shift-Dir - straight line That beam is likely to hit you.
Continue anyway?
The mass of ice explodes!
The iceblast engulfs the fire elemental!!
The fire elemental is frozen!
The fire elemental is heavily damaged.
The iceblast engulfs you! You partially resist.
The iceblast engulfs the hell hound!!
The hell hound is frozen!
You kill the hell hound!
Fedhas accepts your kill.
The iceblast engulfs the fire elemental!!
The fire elemental is frozen!
The fire elemental is heavily damaged.
You hear a shout!
The fire elemental hits you. The fire elemental burns you!
The fire burns you terribly!
* * * LOW HITPOINT WARNING * * *
The fire elemental hits you. The fire elemental burns you!
The fire burns you terribly!
* * * LOW HITPOINT WARNING * * *
The deep elf pyromancer gestures at you while chanting.
The sticky flame hits you! The fire burns you terribly!
You are covered in liquid flames!
* * * LOW HITPOINT WARNING * * *
The deep elf pyromancer mumbles some strange words.
The deep elf pyromancer blinks!
You feel much better.
You are covered in liquid flames!
* * * LOW HITPOINT WARNING * * *
The fire elemental hits you. The fire elemental burns you!
The fire burns you terribly!
* * * LOW HITPOINT WARNING * * *
The fire elemental hits you. The fire elemental burns you!
The fire burns you terribly!
You die...
Fedhas appreciates your contribution to the ecosystem.

#§≈##'#####≈≈#
##≈≈#..#...#≈ #
#§§##..#...##
##§≈#††##.≈..#
#≈≈##..#.....#
##≈§#...#......
#≈§##..##e####+#
##§≈#.).#)...#...#
#§≈##'###YE.##...#
#§≈#.†.#.eE.'§.≈..
#≈§##.≈.#...##e....
#§§#....'...#......
#§#################
∆∆∆∆∆∆∆∆ ∆∆∆∆∆∆∆∆


You could see 3 deep elf pyromancers and 2 fire elementals.

Vanquished Creatures
  Harold (D:9)
  3 two-headed ogres
  2 deep elf pyromancers (Volcano)
  An ugly thing (D:8)
  4 slime creatures
  A gargoyle (D:11)
  A rime drake (Lair:1)
  A kobold demonologist (D:10)
  A komodo dragon (D:10)
  A troll (D:10)
  Prince Ribbit (D:5)
  3 wyverns
  2 shadows
  A fire elemental (Volcano)
  4 yaks (D:11)
  2 steam dragons
  3 vampire mosquitoes (D:11)
  An acid dragon (D:10)
  6 hell hounds (Volcano)
  Duvessa (D:6)
  4 water moccasins
  3 orc warriors
  An ice beast (D:5)
  2 centaurs
  2 ogres
  2 phantoms
  7 bullfrogs
  A kobold brigand (D:6)
  A gnoll sergeant (D:11)
  4 wights (D:8)
  Dowan (D:6)
  9 killer bees
  5 howler monkeys
  A gnoll shaman (D:4)
  3 hounds
  7 orc priests
  3 iguanas
  9 orc wizards
  Natasha (D:3)
  11 gnolls
  5 adders
  A river rat (D:10)
  2 white imps
  3 ufetubi
  2 worms
  4 dart slugs
  39 orcs
  8 ball pythons
  7 endoplasms
  A giant cockroach (D:2)
  5 goblins
  7 hobgoblins
  5 jackals
  17 kobolds
  4 bats
  7 frilled lizards
  A jackal skeleton (D:9)
  A kobold skeleton (D:9)
  2 rats (D:2)
  A spectral kobold (D:8)
239 creatures vanquished.

Vanquished Creatures (collateral kills)
  A steam dragon (D:9)
  A scorpion (D:5)
  4 ballistomycete spores (D:9)
6 creatures vanquished.

Vanquished Creatures (others)
  A troll (D:11)
  9 plants
10 creatures vanquished.

Grand Total: 255 creatures vanquished

Notes
Turn   | Place    | Note
-------+----------+-------------------------------------------
     0 | D:1      | garrulousMonolith the Gnoll Transmuter began the quest for
                  | the Orb.
     0 | D:1      | Reached XP level 1. HP: 17/17 MP: 6/6
    31 | D:1      | Reached XP level 2. HP: 11/23 MP: 5/7
  1117 | D:1      | Reached XP level 3. HP: 24/28 MP: 9/9
  1136 | D:1      | Learned a level 2 spell: Wereblood
  1140 | D:1      | Learned a level 3 spell: Spider Form
  1257 | D:2      | Reached skill level 5 in Spellcasting
  1457 | D:2      | Reached skill level 1 in Invocations
  1993 | D:2      | Found a faded altar of an unknown god.
  2167 | D:3      | Reached skill level 1 in Short Blades
  2167 | D:3      | Reached skill level 1 in Long Blades
  2167 | D:3      | Reached skill level 1 in Axes
  2167 | D:3      | Reached skill level 1 in Maces & Flails
  2167 | D:3      | Reached skill level 1 in Polearms
  2167 | D:3      | Reached skill level 1 in Staves
  2167 | D:3      | Reached skill level 1 in Slings
  2167 | D:3      | Reached skill level 1 in Bows
  2167 | D:3      | Reached skill level 1 in Crossbows
  2167 | D:3      | Reached skill level 1 in Throwing
  2167 | D:3      | Reached skill level 1 in Armour
  2167 | D:3      | Reached skill level 1 in Stealth
  2167 | D:3      | Reached skill level 1 in Shields
  2167 | D:3      | Reached skill level 1 in Evocations
  2184 | D:3      | Learned a level 2 spell: Call Imp
  2186 | D:3      | Learned a level 1 spell: Magic Dart
  2458 | D:4      | Reached XP level 4. HP: 17/34 MP: 8/11
  2736 | D:4      | Reached skill level 1 in Conjurations
  2736 | D:4      | Reached skill level 1 in Hexes
  2736 | D:4      | Reached skill level 1 in Summonings
  2736 | D:4      | Reached skill level 1 in Necromancy
  2736 | D:4      | Reached skill level 1 in Translocations
  2736 | D:4      | Reached skill level 1 in Fire Magic
  2736 | D:4      | Reached skill level 1 in Ice Magic
  2736 | D:4      | Reached skill level 1 in Air Magic
  2736 | D:4      | Reached skill level 1 in Earth Magic
  2736 | D:4      | Reached skill level 1 in Poison Magic
  2739 | D:4      | Reached XP level 5. HP: 23/40 MP: 10/12
  2888 | D:4      | Found a blossoming altar of Fedhas.
  3058 | D:4      | Became a worshipper of Fedhas Madash
  3451 | D:3      | Noticed Natasha
  3594 | D:3      | Killed Natasha
  3843 | D:4      | Found a broken altar of Ashenzari.
  3853 | D:4      | Reached XP level 6. HP: 45/47 MP: 13/13
  3946 | D:4      | Noticed a wyvern
  3960 | D:4      | Killed a wyvern
  3960 | D:4      | Reached * piety under Fedhas
  3961 | D:4      | Reached skill level 5 in Dodging
  4030 | D:4      | Found a staircase to the Ecumenical Temple.
  4037 | Temple   | Entered the Ecumenical Temple
  4217 | D:4      | Found an iron altar of Okawaru.
  4305 | D:4      | Found a bloodstained altar of Trog.
  4349 | D:4      | Reached XP level 7. HP: 52/52 MP: 12/15
  4915 | D:5      | Entered Level 5 of the Dungeon
  5088 | D:5      | Found a sacrificial altar of Ru.
  5088 | D:5      | Found an ornate altar of the Wu Jian Council.
  5088 | D:5      | Found a shimmering altar of Xom.
  5264 | D:5      | Noticed Prince Ribbit
  5280 | D:5      | Killed Prince Ribbit
  5281 | D:5      | Reached XP level 8. HP: 25/60 MP: 12/16
  5784 | D:5      | Learned a level 4 spell: Ice Form
  5969 | D:5      | Reached ** piety under Fedhas
  6550 | D:6      | Noticed Dowan
  6554 | D:6      | Noticed Duvessa
  6566 | D:6      | Killed Duvessa
  6571 | D:6      | Reached XP level 9. HP: 63/66 MP: 14/18
  6572 | D:6      | Killed Dowan
  6573 | D:6      | Reached skill level 5 in Transmutations
  7081 | D:6      | Found an ancient bone altar of Kikubaaqudgha.
  7177 | D:6      | Found a burning altar of Makhleb.
  7279 | D:6      | Reached *** piety under Fedhas
  7489 | D:7      | Reached skill level 5 in Fighting
  7729 | D:7      | Identified the +3 war axe of Dishonesty {elec, rElec Str+5}
  7966 | D:7      | Found an opulent altar of Gozag.
  8647 | D:8      | Found a radiant altar of Vehumet.
  8674 | D:8      | Found a hazy altar of Hepliaklqana.
  8765 | D:8      | Found a staircase to the Lair.
  8765 | D:8      | Noticed a green ugly thing
  8779 | D:8      | Killed a green ugly thing
  8780 | D:8      | Reached skill level 5 in Invocations
  8788 | D:8      | Reached **** piety under Fedhas
  8803 | D:8      | Reached XP level 10. HP: 68/74 MP: 15/20
  9327 | D:8      | Reached skill level 5 in Short Blades
  9327 | D:8      | Reached skill level 5 in Long Blades
  9327 | D:8      | Reached skill level 5 in Axes
  9327 | D:8      | Reached skill level 5 in Maces & Flails
  9327 | D:8      | Reached skill level 5 in Polearms
  9327 | D:8      | Reached skill level 5 in Staves
  9327 | D:8      | Reached skill level 5 in Slings
  9327 | D:8      | Reached skill level 5 in Bows
  9327 | D:8      | Reached skill level 5 in Crossbows
  9327 | D:8      | Reached skill level 5 in Throwing
  9327 | D:8      | Reached skill level 5 in Armour
  9327 | D:8      | Reached skill level 5 in Stealth
  9327 | D:8      | Reached skill level 5 in Shields
  9327 | D:8      | Reached skill level 5 in Evocations
  9796 | D:9      | Found a runed translucent door.
  9803 | D:9      | Found a basalt altar of Yredelemnul.
 10193 | D:9      | Noticed a two-headed ogre
 10508 | D:9      | Killed a two-headed ogre
 10721 | D:9      | Noticed Harold
 10734 | D:9      | Killed Harold
 11190 | D:9      | Reached skill level 5 in Conjurations
 11190 | D:9      | Reached skill level 5 in Hexes
 11190 | D:9      | Reached skill level 5 in Summonings
 11190 | D:9      | Reached skill level 5 in Necromancy
 11190 | D:9      | Reached skill level 5 in Translocations
 11190 | D:9      | Reached skill level 5 in Fire Magic
 11190 | D:9      | Reached skill level 5 in Ice Magic
 11190 | D:9      | Reached skill level 5 in Air Magic
 11190 | D:9      | Reached skill level 5 in Earth Magic
 11190 | D:9      | Reached skill level 5 in Poison Magic
 11190 | D:9      | Reached XP level 11. HP: 84/84 MP: 21/23
 11195 | D:9      | Learned a level 3 spell: Mephitic Cloud
 11237 | D:10     | Entered Level 10 of the Dungeon
 11602 | D:10     | Noticed a two-headed ogre
 11645 | D:10     | Reached XP level 12. HP: 30/91 MP: 20/24
 12252 | D:10     | Killed a two-headed ogre
 13204 | D:11     | Noticed a two-headed ogre
 13215 | D:11     | Killed a two-headed ogre
 14169 | D:11     | Identified the +2 leather armour "Ehesieri" {rPois rN+}
 14844 | D:11     | Identified the +9 hunting sling "Yfoi" {freeze, Fly rC+
                  | Str+4}
 15139 | D:12     | Noticed a centaur warrior
 15212 | Lair:1   | Entered Level 1 of the Lair of Beasts
 15229 | Lair:1   | Found a dark tunnel.
 15238 | Volcano  | Entered a volcano
 15395 | Volcano  | Slain by a fire elemental

Illustrated notes

Levels and vault maps discovered:
D:1:      dpeg_arrival_round_c, layout_rooms
D:2:      layout_loops_ring, basic_ecumenical_altar, lexackson_kobold_supper
D:3:      layout_basic, bh_walls_and_bars, uniq_natasha
D:4:      minmay_wonky_spiral, layout_basic, mainiacjoe_overflow_alcove_1,
          mainiacjoe_overflow_concentric_impassable, fedhas_ov_isle_minmay,
          kennysheep_okawaru_gauntlet, minmay_temple_entry_ruins
D:5:      layout_loops_ring, chequers_temple_overflow_statue_of_worship,
          grunt_ministairs_2, hangedman_abyss_or_decor_stagger,
          uniq_prince_ribbit1
D:6:      layout_gridville, makhleb_heckhound_becter, kiku_gazebo_pond_becter,
          serial_glass, glass_columns_a, glass_columns_b, glass_columns_a,
          glass_columns_c, glass_columns_a, glass_columns_b, uniq_duvessa
D:7:      layout_cave_pools, mainiacjoe_overflow_tiny_flanked
D:8:      layout_rooms, vehumet_altar_wand_db,
          nicolae_hepliaklqana_monster_ancestors, lair_entry_dummy
D:9:      layout_irregular_city, dk_yredelemnul_ordeal, grunt_ministairs_9,
          st_stairs_3, uniq_harold
D:10:     layout_loops_corners, ldierk_geyser, glass_columns_b, pond
D:11:     layout_long_grid, grunt_ogre_cave
D:12:     minmay_the_grid_octo_tiled_squarecenter_mashed
          [minmay_the_grid_octo_odd_swirl, minmay_the_grid_octo_fat_diamond,
          minmay_the_grid_octo_chip, minmay_the_grid_octo_horde,
          minmay_the_grid_square_5x5_megaprize_diamond,
          minmay_the_grid_square_5x5_lines,
          minmay_the_grid_square_5x5_sharp_hourglass,
          minmay_the_grid_square_5x5_pentomino_r,
          minmay_the_grid_square_5x5_detours], layout_cave_pools,
          hiddenorc2_lemuel, st_stairs_6, uniq_sonja
Temple:   nicolae_temple_figure_zero
Lair:1:   dreamdust_isle_of_ice, layout_chaotic_city,
          nicolae_volcano_entry_lava_flow, worms_lemuel, grunt_megastairs_3
Volcano:  hellmonk_pyromancer_palace

Skill      XL: |  1  2  3  4  5  6  7  8  9 10 11 12 |
---------------+-------------------------------------+-----
Spellcasting   | 5 6 7 8 9 |  9.0
Invocations    | 1 2 3 4 5 7 8 |  8.1
Short Blades   | 1 2 3 4 6 7 |  7.4
Long Blades    | 1 2 3 4 6 7 |  7.4
Axes           | 1 2 3 4 6 7 |  7.4
Maces & Flails | 1 2 3 4 6 7 |  7.4
Polearms       | 1 2 3 4 6 7 |  7.4
Staves         | 1 2 3 4 6 7 |  7.4
Slings         | 1 2 3 4 6 7 |  7.4
Bows           | 1 2 3 4 6 7 |  7.4
Crossbows      | 1 2 3 4 6 7 |  7.4
Throwing       | 1 2 3 4 6 7 |  7.4
Armour         | 1 2 3 4 6 7 |  7.4
Stealth        | 1 2 3 4 6 7 |  7.4
Shields        | 1 2 3 4 6 7 |  7.4
Evocations     | 1 2 3 4 6 7 |  7.4
Conjurations   | 1 2 3 5 6 |  6.1
Hexes          | 1 2 3 5 6 |  6.1
Summonings     | 1 2 3 5 6 |  6.1
Necromancy     | 1 2 3 5 6 |  6.1
Translocations | 1 2 3 5 6 |  6.1
Fire Magic     | 1 2 3 5 6 |  6.1
Ice Magic      | 1 2 3 5 6 |  6.1
Air Magic      | 1 2 3 5 6 |  6.1
Earth Magic    | 1 2 3 5 6 |  6.1
Poison Magic   | 1 2 3 5 6 |  6.1
Fighting       | 3 4 5 7 |  7.9
Transmutations | 4 5 6 7 |  7.3
Dodging        | 5 6 8 |  8.8
Unarmed Combat | 7 8 9 |  9.9

Action                   |  1- 3 |  4- 6 |  7- 9 | 10-12 || total
-------------------------+-------+-------+-------+-------++-------
Melee: Unarmed           |   128 |    97 |   243 |   179 ||   647
       Kick              |    18 |    15 |     2 |     1 ||    36
       Headbutt          |     6 |    10 |     2 |     1 ||    19
       Bite              |     9 |     8 |     7 |    10 ||    34
       Punch             |     2 |     3 |     5 |     3 ||    13
       War axe           |       |       |    48 |    49 ||    97
 Fire: Hunting sling     |       |       |       |    20 ||    20
 Cast: Beastly Appendage |    21 |    11 |     1 |     3 ||    36
       Magic Dart        |     3 |     9 |     1 |     6 ||    19
       Wereblood         |     1 |     2 |     9 |     9 ||    21
       Call Imp          |     1 |     1 |     5 |     6 ||    13
       Spider Form       |       |     3 |    21 |     6 ||    30
       Ice Form          |       |       |     4 |    14 ||    18
       Mephitic Cloud    |       |       |       |     4 ||     4
Invok: Grow Ballistomyce |       |       |       |     1 ||     1
Evoke: Wand              |       |       |       |     8 ||     8
  Use: Scroll            |     4 |     4 |     3 |    12 ||    23
       Potion            |       |       |     1 |     4 ||     5
 Stab: Sleeping          |     1 |       |     1 |     5 ||     7
       Distracted        |       |     1 |     1 |       ||     2
       Confused          |       |       |       |     1 ||     1
Armor: Robe              |    10 |       |       |       ||    10
       Leather armour    |    12 |    14 |    44 |    23 ||    93
       Skin              |       |     1 |    44 |    45 ||    90
       Acid dragon scale |       |       |       |    11 ||    11
Dodge: Dodged            |    98 |    81 |   288 |   183 ||   650
Block: Other             |       |       |    75 |    61 ||   136
       Reflection        |       |       |     6 |     1 ||     7

Table legend: (Time is in decaauts)
 A = Elapsed time spent in this place.
 B = Non-inter-level travel time spent in this place.
 C = Inter-level travel time spent in this place.
 D = Time resting spent in this place.
 E = Time spent auto-exploring this place.
 F = Levels seen in this place.
 G = Mean time per level.
                   A        B        C        D        E       F      G
               +--------+--------+--------+--------+--------+-----+--------+
         Total |  15352 |  14797 |    555 |   4371 |   8253 |  15 | 1023.5 |
       Dungeon |  15050 |  14505 |    545 |   4275 |   8142 |  12 | 1254.2 |
        Temple |    123 |    113 |     10 |      0 |    111 |   1 |  123.0 |
          Lair |     26 |     26 |      0 |      0 |      0 |   1 |   26.0 |
       Volcano |    151 |    151 |      0 |     96 |      0 |   1 |  151.0 |
               +--------+--------+--------+--------+--------+-----+--------+

Top non-repeatable levels by time:
    D:10: 2032 daAuts
    D:11: 1878 daAuts
     D:9: 1556 daAuts
     D:4: 1482 daAuts
     D:5: 1323 daAuts
     D:8: 1301 daAuts
     D:1: 1244 daAuts
     D:6: 1205 daAuts
     D:3: 1146 daAuts
     D:7: 961 daAuts
     D:2: 900 daAuts
 Volcano: 151 daAuts
  Temple: 123 daAuts
  Lair:1: 26 daAuts
    D:12: 16 daAuts
